 Dungeon Crawl Stone Soup version 0.29-a0-559-g359e09b9d1 (webtiles) character file.

Game seed: 9054422211846828863

4245 zishaf the Thaumaturge (level 10, 0/76 HPs)
             Began as a Djinni Venom Mage on June 10, 2022.
             Was an Elder of Jiyva.
             Slain by a seven-headed hydra (11 damage)
             ... on level 9 of the Dungeon.
             The game lasted 00:18:50 (8615 turns).

zishaf the Thaumaturge (Djinni Venom Mage)          Turns: 8615, Time: 00:18:51

Health: 0/76       AC:  5    Str:  7    XL:     10   Next: 56%
Gold:   398        EV: 13    Int: 25    God:    Jiyva [****..] SH:  0 Dex: 23

rFire   + + .      SeeInvis +   b - +9 shortbow of the Shoals {vorpal, MP-9 Int+2 Dex+9}
rCold   x . .      Faith    .   (shield currently unavailable)
rNeg    . . .      Spirit   .   A - +0 robe
rPois   ∞          Reflect  .   B - +0 helmet
rElec   .          Harm     .   w - +0 cloak
rCorr   +          Rampage  .   c - +0 pair of gloves
Will    +....                   (boots unavailable)
Stlth   +++.......              (no amulet)
HPRegen 1.50/turn               y - ring of see invisible
MPRegen 0.00/turn               (no ring)

@: flying
A: sickness immunity, fire resistance 2, cold vulnerability 1, float, innate
caster, HP casting, extra vitality 1, clever 1, translucent skin 3
a: Renounce Religion, Oozemancy, Slimify


You were on level 9 of the Dungeon.
You worshipped Jiyva.
Jiyva was greatly pleased with you.
You visited 2 branches of the dungeon, and saw 10 of its levels.

You collected 398 gold pieces.

Inventory:

Hand Weapons
 a - a +5 flail of protection
 b - the +9 shortbow of the Shoals (weapon) {vorpal, MP-9 Int+2 Dex+9}
   (You found it on level 7 of the Dungeon)

   Any ammunition fired from it inflicts extra damage upon your enemies.
   Int:       It affects your intelligence (+2).
   Dex:       It affects your dexterity (+9).
   MP:        It affects your magic capacity (-9).
Missiles
 s - 4 boomerangs of dispersal
 C - a throwing net
Armour
 c - a +0 pair of gloves (worn)
 w - a +0 cloak (worn)
 A - a +0 robe (worn)
 B - a +0 helmet (worn)
Jewellery
 m - a ring of ice
 y - a ring of see invisible (left hand)
Wands
 l - a wand of charming (6)
 u - a wand of digging (8)
 z - a wand of flame (38)
Scrolls
 k - 3 scrolls of teleportation
 t - a scroll of summoning
Potions
 d - 2 potions of flight {unknown}
 f - 3 potions of curing
 h - 2 potions of heal wounds
 i - a potion of cancellation {unknown}
 n - a potion of lignification {unknown}
 o - a potion of degeneration {unknown}
 x - 3 potions of attraction


   Skills:
 + Level 7.7 Fighting
 - Level 2.1 Dodging
 - Level 1.5 Stealth
 * Level 8.9 Spellcasting
 + Level 5.6 Evocations


You had 8 spell levels left.
You knew the following spells:

 Your Spells              Type           Power      Damage    Failure   Level
a - Sting                 Tmut/Pois      100%       1d8       1%          1
b - Poisonous Vapours     Pois/Air       100%       N/A       1%          2
c - Freeze                Ice            100%       1d11      1%          1
z - Mephitic Cloud        Conj/Pois/Air  54%        N/A       1%          3
A - Olgreb's Toxic Radia  Pois           54%        N/A       1%          4
B - Static Discharge      Conj/Air       54%        N/A       1%          2
C - Call Imp              Summ           54%        N/A       1%          2
D - Call Canine Familiar  Summ           54%        N/A       1%          3
Your spell library was empty.

Dungeon Overview and Level Annotations

Branches:
Dungeon (9/15)             Temple (1/1) D:4            Lair (0/6) D:9
    Orc: D:9-12

Altars:
Cheibriados
Dithmenos
Elyvilon
Fedhas
Gozag
Hepliaklqana
Kikubaaqudgha
Makhleb
Okawaru
Qazlal
Sif Muna
Trog
Uskayaw
Wu Jian
Xom
Yredelemnul
Zin
The Shining One
Jiyva

Shops:
D:4 :[((


Innate Abilities, Weirdness & Mutations

You are immune to sickness and miasma.
You are immune to poison.
Your flesh is very heat resistant. (rF++)
You are vulnerable to cold. (rC-)
You float through the air rather than walking.
You learn spells naturally, not from books.
Your magical power is your life essence.
You have superior vitality. (+4 MHP)
Your mind is acute. (Int +2)
Your transparent skin significantly reduces your foes' accuracy. (Stealth+)


Message History

You assume a fearsome visage.
The death yak resists with almost no effort.
The seven-headed hydra looks frightened!
The death yak attacks as you move away! The death yak barely misses you.
The two-headed ogre looks more healthy.
The seven-headed hydra seems to regain its courage.
Really attack while wielding the +9 shortbow of the Shoals {vorpal, MP-9 Int+2 Dex+9}? [Y]es or [N]o only, please.
Really attack while wielding the +9 shortbow of the Shoals {vorpal, MP-9 Int+2 Dex+9}?
Okay, then.
The seven-headed hydra barely misses you.
The seven-headed hydra bites you! x2
The seven-headed hydra closely misses you.
The seven-headed hydra bites you.
The seven-headed hydra barely misses you.
The seven-headed hydra misses you. The seven-headed hydra bites you!
The seven-headed hydra closely misses you.
The seven-headed hydra bites you.
The seven-headed hydra barely misses you.
The seven-headed hydra bites you!
* * * LOW HITPOINT WARNING * * *
The seven-headed hydra barely misses you. x2
The seven-headed hydra attacks as you move away!
The seven-headed hydra misses you. The seven-headed hydra bites you.
* * * LOW HITPOINT WARNING * * *
The seven-headed hydra bites you but does no damage.
The seven-headed hydra barely misses you.
The seven-headed hydra bites you!
* * * LOW HITPOINT WARNING * * *
The seven-headed hydra completely misses you.
The seven-headed hydra bites you.
* * * LOW HITPOINT WARNING * * *
The death yak attacks as you move away! The death yak misses you.
There is a stone staircase leading up here.
The death yak attacks as you move away! The death yak barely misses you.
You hear a distant slurping noise.
The seven-headed hydra attacks as you move away!
The seven-headed hydra bites you!
You die...

#..##.# #.O#
#..#
#..##.###..#
#..#
###..##......#
#..#
.....##......#
#..#
###..##..#...#
#O.#
#..##..#...#
#Y.#
#..##..#...#
#..######
#..##..#...#
#DY.......
#..##..#...#
#@........
#..##..#...#
#..######.
#..# #..# #..#
#..# #..# #..#
#..#


You could see 2 death yaks, a seven-headed hydra and a two-headed ogre.

Vanquished Creatures
  A wyvern (D:9)
  Eustachio (D:4)
  Edmund (D:6)
  A water moccasin (D:5)
  Duvessa (D:7)
  2 black bears
  3 sky beasts
  3 orc warriors
  An ice beast (D:6)
  An ogre (D:4)
  A kobold brigand (D:9)
  4 bullfrogs
  2 necrophages (D:6)
  4 scorpions
  Dowan (D:7)
  5 wights
  16 killer bees
  3 orc priests (D:8)
  Crazy Yiuf (D:4)
  2 hounds
  A jelly (D:5)
  Jessica (D:2)
  Ijyb (D:3)
  An iguana (D:5)
  8 orc wizards
  3 gnolls (D:9)
  7 adders
  A white imp (D:7)
  3 ufetubi
  3 worms
  2 dart slugs
  25 orcs
  8 ball pythons
  3 endoplasms
  4 giant cockroaches
  11 goblins
  8 hobgoblins
  13 jackals
  11 kobolds
  7 quokkas
  9 bats
  3 frilled lizards
  6 rats
193 creatures vanquished.

Vanquished Creatures (collateral kills)
  A black bear (D:6)
  A centaur (D:9)
  A necrophage (D:5)
  2 wights
  A howler monkey (D:6)
  A hound (D:6)
  A gnoll shaman (D:9)
  A gnoll (D:9)
  An orc (D:8)
10 creatures vanquished.

Vanquished Creatures (others)
  A phantom (D:6)
  2 bullfrogs
  4 killer bees (D:9)
  16 jellies
  A howler monkey (D:8)
  An orc priest (D:7)
  An orc wizard (D:7)
  A shadow imp (D:7)
  A white imp (D:7)
  5 orcs (D:7)
  3 fungi (D:6)
36 creatures vanquished.

Grand Total: 239 creatures vanquished

Notes
Turn   | Place    | Note
-------+----------+-------------------------------------------
     0 | D:1      | zishaf the Djinni Venom Mage began the quest for the Orb.
     0 | D:1      | Reached XP level 1. HP: 15/15 MP: 0/0
    35 | D:1      | Reached XP level 2. HP: 11/22 MP: 0/0
   413 | D:1      | Reached skill level 1 in Fighting
   487 | D:1      | Reached XP level 3. HP: 12/27 MP: 0/0
   487 | D:1      | Learned a level 1 spell: Freeze
   691 | D:1      | Reached skill level 3 in Spellcasting
  1492 | D:2      | Noticed Jessica
  1510 | D:2      | Killed Jessica
  1511 | D:2      | Reached XP level 4. HP: 5/33 MP: 0/0
  2036 | D:2      | Reached XP level 5. HP: 24/38 MP: 0/0
  2036 | D:2      | Learned a level 2 spell: Static Discharge
  2920 | D:3      | Noticed Ijyb
  2936 | D:3      | Killed Ijyb
  2937 | D:3      | Reached skill level 4 in Spellcasting
  3295 | D:3      | Found a faded altar of an unknown god.
  3360 | D:3      | Reached XP level 6. HP: 41/45 MP: 0/0
  3519 | D:4      | Found Haagah's Weapon Emporium.
  3570 | D:4      | Found Ciagebru's Antique Weapon Emporium.
  3619 | D:4      | You are sucked into a shaft and drop 1 floor!
  3619 | D:5      | Entered Level 5 of the Dungeon
  3850 | D:5      | Reached XP level 7. HP: 32/50 MP: 0/0
  3850 | D:5      | Learned a level 2 spell: Call Imp
  4076 | D:4      | Noticed Eustachio
  4085 | D:4      | Reached skill level 5 in Spellcasting
  4107 | D:4      | Killed Eustachio
  4113 | D:4      | Reached XP level 8. HP: 9/58 MP: 0/0
  4437 | D:4      | Reached skill level 6 in Spellcasting
  4824 | D:4      | Reached skill level 5 in Fighting
  4848 | D:4      | Found a staircase to the Ecumenical Temple.
  4855 | D:4      | Found a bloodstained altar of Trog.
  4864 | Temple   | Entered the Ecumenical Temple
  4898 | Temple   | Became a worshipper of Jiyva Jagom the Shapeless
  5080 | D:4      | Found Hiasot's Book Shoppe.
  5088 | D:4      | Found Ymubla's Armour Shop.
  5197 | D:4      | Found a runed translucent door.
  5198 | D:4      | Noticed Crazy Yiuf
  5208 | D:4      | Killed Crazy Yiuf
  5355 | D:4      | Found an opulent altar of Gozag.
  5355 | D:4      | Found a glowing golden altar of the Shining One.
  5355 | D:4      | Found a hazy altar of Hepliaklqana.
  5415 | D:5      | Found a glowing silver altar of Zin.
  5460 | D:5      | Reached * piety under Jiyva
  5510 | D:5      | Reached skill level 1 in Evocations
  6077 | D:5      | Found an ornate altar of the Wu Jian Council.
  6274 | D:6      | Noticed Edmund
  6295 | D:6      | Killed Edmund
  6296 | D:6      | Reached XP level 9. HP: 34/65 MP: 0/0
  6296 | D:6      | Learned a level 3 spell: Call Canine Familiar
  6344 | D:6      | Reached skill level 7 in Spellcasting
  6410 | D:6      | Found a shadowy altar of Dithmenos.
  6437 | D:6      | Reached ** piety under Jiyva
  6927 | D:7      | Found a basalt altar of Yredelemnul.
  6929 | D:7      | Found a snail-covered altar of Cheibriados.
  6931 | D:7      | Found an iron altar of Okawaru.
  6932 | D:7      | Found a burning altar of Makhleb.
  6997 | D:7      | Noticed Duvessa
  6998 | D:7      | Noticed Dowan
  7006 | D:7      | Killed Duvessa
  7008 | D:7      | Killed Dowan
  7035 | D:7      | Reached skill level 8 in Spellcasting
  7088 | D:7      | Identified the +9 shortbow of the Shoals {vorpal, MP-9
                  | Int+2 Dex+9}
  7190 | D:7      | Reached *** piety under Jiyva
  7793 | D:8      | Reached XP level 10. HP: 66/73 MP: 0/0
  7955 | D:8      | Reached skill level 5 in Evocations
  8281 | D:8      | Gained mutation: Your translucent skin slightly reduces
                  | your foes' accuracy. (Stealth+) [Jiyva's grace]
  8281 | D:8      | Gained mutation: Your translucent skin reduces your foes'
                  | accuracy. (Stealth+) [Jiyva's grace]
  8281 | D:8      | Gained mutation: Your transparent skin significantly
                  | reduces your foes' accuracy. (Stealth+) [Jiyva's grace]
  8281 | D:8      | Gained mutation: Your mind is acute. (Int +2) [Jiyva's
                  | grace]
  8340 | D:9      | Reached **** piety under Jiyva
  8547 | D:9      | Found a staircase to the Lair.
  8547 | D:9      | Noticed a death yak
  8548 | D:9      | Noticed a death yak
  8549 | D:9      | Noticed a death yak
  8549 | D:9      | Noticed a death yak
  8550 | D:9      | Noticed a death yak
  8552 | D:9      | Noticed a death yak
  8552 | D:9      | Noticed a death yak
  8555 | D:9      | Noticed a death yak
  8591 | D:9      | Noticed a two-headed ogre
  8601 | D:9      | Noticed a seven-headed hydra
  8615 | D:9      | Slain by a seven-headed hydra

Illustrated notes

Levels and vault maps discovered:
D:1:      saegor_arrival_simple_e, layout_rooms, ebering_dispersal_statue_hall,
          hex_large, st_stairs_8
D:2:      layout_basic, uniq_jessica
D:3:      layout_loops_ring, basic_ecumenical_altar, uniq_ijyb
D:4:      cheibrodos_barr_body, layout_basic, nicolae_overflow_hidden_temple,
          temple_pool_b, serial_shops, shop, nicolae_shop_crystal,
          nicolae_stop_n_shop_2, nicolae_shop_behind_doors,
          uniq_crazy_yiuf_cottage, uniq_eustachio
D:5:      layout_basic, kennysheep_little_box, mainiacjoe_overflow_alcove_2,
          hangedman_abyss_or_decor_slice
D:6:      layout_rooms, mainiacjoe_overflow_alcove_4,
          nicolae_dithmenos_through_a_glass_darkly, uniq_edmund
D:7:      layout_layer_cave, grunt_temple_overflow_open,
          hangedman_decor_riveting, uniq_duvessa
D:8:      layout_rooms, nicolae_sextant
D:9:      layout_long_grid, dpeg_lair_monsters
Temple:   pf_slime_end_temple

Skill      XL: |  1  2  3  4  5  6  7  8  9 10 |
---------------+-------------------------------+-----
Fighting       | 1 2 3 4 5 6 7 |  7.7
Spellcasting   | 3 4 5 6 8 |  8.9
Evocations     | 2 4 5 |  5.6
Dodging        | |  2.1
Stealth        | |  1.5

Action                   |  1- 3 |  4- 6 |  7- 9 | 10-12 || total
-------------------------+-------+-------+-------+-------++-------
Melee: Dagger            |     3 |       |       |       ||     3
       Short sword       |    11 |    48 |    49 |       ||   108
       Flail             |       |       |    62 |    43 ||   105
 Fire: Shortbow          |       |       |       |    21 ||    21
 Cast: Sting             |    64 |    69 |    34 |       ||   167
       Freeze            |     1 |       |       |       ||     1
       Poisonous Vapours |       |     6 |    27 |     2 ||    35
       Mephitic Cloud    |       |     2 |    13 |     3 ||    18
       Olgreb's Toxic Ra |       |     2 |     8 |    11 ||    21
       Static Discharge  |       |       |     3 |       ||     3
       Call Imp          |       |       |     2 |     3 ||     5
       Call Canine Famil |       |       |     4 |     5 ||     9
  Use: Scroll            |       |       |    10 |     2 ||    12
 Stab: Confused          |       |     1 |     1 |     2 ||     4
       Sleeping          |       |     1 |       |     1 ||     2
       Distracted        |       |       |     3 |       ||     3
Armor: Robe              |    17 |    23 |    54 |    16 ||   110
Dodge: Dodged            |    21 |    52 |    82 |    90 ||   245

Table legend: (Time is in decaauts)
 A = Elapsed time spent in this place.
 B = Non-inter-level travel time spent in this place.
 C = Inter-level travel time spent in this place.
 D = Time resting spent in this place.
 E = Time spent auto-exploring this place.
 F = Levels seen in this place.
 G = Mean time per level.
                   A        B        C        D        E       F      G
               +--------+--------+--------+--------+--------+-----+--------+
         Total |   8676 |   8356 |    320 |   1024 |   5623 |  10 |  867.6 |
       Dungeon |   8622 |   8313 |    309 |   1024 |   5599 |   9 |  958.0 |
        Temple |     53 |     42 |     11 |      0 |     24 |   1 |   53.0 |
               +--------+--------+--------+--------+--------+-----+--------+

Top non-repeatable levels by time:
     D:3: 1499 daAuts
     D:1: 1444 daAuts
     D:5: 1225 daAuts
     D:7: 1109 daAuts
     D:2: 1068 daAuts
     D:4: 954 daAuts
     D:8: 585 daAuts
     D:6: 445 daAuts
     D:9: 291 daAuts
  Temple: 53 daAuts
